 Dungeon Crawl Stone Soup version 0.30-b1-2-g02819fbbbe (webtiles) character file.

Game seed: 11111192122304703481

1075 redmage the Digger (level 8, -3/57 HPs)
             Began as a Meteoran Earth Elementalist on Aug 9, 2023.
             Was a Follower of Cheibriados.
             Killed by an exploding steam dragon zombie (38 damage)
             ... ignited by their inner flame
             ... on level 8 of the Dungeon.
             The game lasted 00:24:21 (1257 turns).

redmage the Digger (Meteoran Earth Elementalist)    Turns: 1257, Time: 00:24:21

Health: -3/57      AC:  6    Str: 15    XL:     8   Next: 84%
Magic:  1/16       EV: 12    Int: 20    God:    Cheibriados [*.....]
Gold:   151        SH:  0    Dex: 17    Spells: 7/17 levels left

rFire   . . .        d - +3 hand axe
rCold   . . .        (no shield)
rNeg    . . .        h - +1 leather armour of Niviaq {Str+3}
rPois   .            n - +0 helmet
rElec   .            (no cloak)
rCorr   .            k - +0 pair of gloves
SInv    .            (no boots)
Will    +....        (no amulet)
Stlth   +            (no ring)
HPRegen 0.29/turn    (no ring)
MPRegen 0.15/turn

%: no passive effects
@: about to teleport, animating dead, glowing, very slow
A: sense surroundings 1, otherworldly, glowing, explore regen
a: Renounce Religion, Bend Time


You were on level 8 of the Dungeon.
You worshipped Cheibriados.
Cheibriados was aware of your devotion.
You visited 2 branches of the dungeon, and saw 10 of its levels.

You collected 151 gold pieces.

Inventory:

Hand Weapons
 d - a +3 hand axe (weapon)
Missiles
 o - 3 poisoned darts (quivered)
Armour
 h - the +1 leather armour of Niviaq (worn) {Str+3}
   (You found it on level 2 of the Dungeon)

   Str:       It affects your strength (+3).
 k - a +0 pair of gloves (worn)
 n - a +0 helmet (worn)
 u - a scarf of harm
Jewellery
 i - a ring of resist corrosion
 s - the amulet "Zipn" {Faith rC+}
   (You found it on level 7 of the Dungeon)

   [amulet of faith]

   It allows you to gain divine favour quickly.
   rC:        It protects you from cold.
Scrolls
 j - a scroll of immolation
 m - a scroll of brand weapon {unknown}
 p - a scroll of enchant weapon {unknown}
Potions
 b - 2 potions of magic
 c - 2 potions of cancellation
 f - 2 potions of flight {unknown}
 q - a potion of might {unknown}
 r - a potion of attraction {unknown}
 w - a potion of brilliance {unknown}


   Skills:
 - Level 2.4 Dodging
 - Level 1.4 Stealth
 - Level 5.0 Spellcasting
 - Level 3.0 Conjurations
 - Level 7.0 Necromancy
 * Level 1.4 Transmutations
 + Level 7.1 Earth Magic


You had 7 spell levels left.
You knew the following spells:

 Your Spells              Type           Power      Damage    Failure   Level
a - Sandblast             Erth           66%        2d15      1%          1
b - Passwall              Tmut/Erth      18%        N/A       3%          2
c - Stone Arrow           Conj/Erth      50%        3d10      5%          3
d - Animate Dead          Necr           33%        N/A       8%          4

Your spell library contained the following spells:

 Spells                   Type           Power      Damage    Failure   Level
 Blink                    Tloc           10%        N/A       22%         2
 Petrify                  Tmut/Erth      22%        N/A       24%         4
 Manifold Assault         Tloc           5%         N/A       80%         4
 Metabolic Englaciation   Hex/Ice        2%         N/A       98%         5
 Statue Form              Tmut/Erth      14%        N/A       98%         6
 Haunt                    Necr/Summ      9%         N/A       100%        7
 Storm Form               Tmut/Air       3%         N/A       100%        7
 Infestation              Necr           16%        N/A       100%        8


Dungeon Overview and Level Annotations

Branches:
Dungeon (9/15) Zot: 6325   Temple (1/1) D:4 Zot: 858
   Lair: D:8-11         Orc: D:9-12

Altars:
Cheibriados
Okawaru
Sif Muna
Trog
Zin
The Shining One

Shops:
D:2 [   D:7 :


Innate Abilities, Weirdness & Mutations

You passively map a small area around you.
You are easily found by Zot.
You glow in the dark.
You regain HP and MP as you explore.


Message History

Your steam dragon zombie resists.
Your steam dragon zombie barely misses the ice beast.
Your steam dragon zombie claws the ice beast but does no damage.
Unknown command.
As you read the scroll labelled LEKHLO MIRIST, it crumbles to dust.
It is a scroll of amnesia.
Really abort (and waste the scroll)?
Okay, then.
The ice beast hits your steam dragon zombie.
The ice beast freezes your steam dragon zombie.
Your steam dragon zombie resists.
Your steam dragon zombie bites the ice beast.
Your steam dragon zombie claws the ice beast.
As you read the scroll labelled HUELUM PEOQOEP, it crumbles to dust.
The creatures around you are filled with an inner flame!
It was a scroll of immolation.
The ice beast hits your steam dragon zombie.
Flame seeps out of your steam dragon zombie.
The ice beast freezes your steam dragon zombie.
Your steam dragon zombie resists.
Flame seeps out of your steam dragon zombie.
Your steam dragon zombie is engulfed in blazing flames.
Flame seeps out of your steam dragon zombie.
Your steam dragon zombie bites the ice beast.
Flame seeps out of the ice beast.
Your steam dragon zombie claws the ice beast.
Flame seeps out of the ice beast.
Unknown command.
Unknown command.
As you read the scroll labelled SEAQIE HUIWEIKH, it crumbles to dust.
You feel strangely unstable.
It was a scroll of teleportation.
A black bear comes into view.
The ice beast is engulfed in blazing flames.
Cheibriados appreciates the change of pace.
The ice beast explodes!
The fiery explosion engulfs your steam dragon zombie!!
Your steam dragon zombie explodes!
The fiery explosion engulfs you!!!
Ouch! That really hurt!
You die...

* ##.),..........# .#. .
#... #.........#
.§.,.###.#.##..§......#
#§. .........§§......### ,
.#○§...,,#...§§§......#..
, .§§☼§#. #..☼§§§.........
..§§☼§.* #..○§##.........
. *
...#§☼###§§§§##.........
...#..#○@§§○§§☼§.........
,
,.§§§§☼○§§#§§§☼#§#........
,
.§§§§§○§#####§§§.........
.##☼§§#######..§.......##
, .§§§§§ #.............#
.h§§○. ##.............# ,
.§○§. #######........#
.§§§. ###>####........# *
, ....,, #8...8##........#


You could see a black bear.

Vanquished Creatures
  2 steam dragons
  A water moccasin (D:7)
  2 ice beasts
  Blork the orc (D:4)
  2 bullfrogs (D:7)
  2 scorpions
  A howler monkey (D:6)
  An orc priest (D:7)
  A jelly (D:5)
  A sleepcap (D:7)
  Natasha (twice) (D:2)
  An orc wizard (D:7)
  Robin (D:4)
  2 adders
  A steam dragon zombie (D:8)
  2 white imps
  A worm (D:3)
  6 orcs (D:7)
  3 endoplasms (D:1)
  5 giant cockroaches
  11 goblins
  4 hobgoblins
  2 quokkas
  4 ball pythons
  2 bats
  2 frilled lizards
  5 kobolds
  7 rats
75 creatures vanquished.

Notes
Turn   | Place    | Note
-------+----------+-------------------------------------------
     0 | D:1      | redmage the Meteoran Earth Elementalist began the quest for
                  | the Orb.
     0 | D:1      | Reached XP level 1. HP: 14/14 MP: 5/5
    53 | D:1      | Reached XP level 2. HP: 17/20 MP: 2/6
   168 | D:2      | Found a bloodstained altar of Trog.
   211 | D:2      | Learned a level 2 spell: Passwall
   225 | D:2      | Found Cuet's Antique Armour Shop.
   230 | D:2      | Noticed Natasha
   232 | D:2      | Killed Natasha
   233 | D:2      | Reached skill level 5 in Earth Magic
   233 | D:2      | Reached XP level 3. HP: 17/26 MP: 5/8
   233 | D:2      | Reached XP level 4. HP: 22/33 MP: 5/9
   256 | D:2      | Learned a level 3 spell: Stone Arrow
   324 | D:2      | Noticed Natasha
   328 | D:2      | Killed Natasha
   329 | D:2      | Reached skill level 1 in Conjurations
   339 | D:2      | Identified the +1 leather armour of Niviaq {Str+3}
   431 | D:4      | Noticed Blork the orc
   444 | D:3      | Reached XP level 5. HP: 38/38 MP: 2/10
   557 | D:4      | Noticed Robin
   625 | D:4      | Killed Blork the orc
   626 | D:4      | Reached XP level 6. HP: 31/45 MP: 5/11
   659 | D:4      | Killed Robin
   678 | D:5      | Entered Level 5 of the Dungeon
   707 | D:4      | Found a staircase to the Ecumenical Temple.
   716 | Temple   | Entered the Ecumenical Temple
   737 | Temple   | Became a worshipper of Cheibriados the Contemplative
   843 | D:6      | Reached XP level 7. HP: 49/50 MP: 0/14
   877 | D:7      | Learned a level 4 spell: Animate Dead
   931 | D:7      | Noticed a steam dragon
   932 | D:7      | Identified the amulet "Zipn" {Faith rC+}
   936 | D:7      | Killed a steam dragon
  1014 | D:7      | Noticed a water moccasin
  1019 | D:7      | Killed a water moccasin
  1020 | D:7      | Reached XP level 8. HP: 57/57 MP: 8/15
  1033 | D:7      | Found Foas's Book Shoppe.
  1049 | D:7      | Reached * piety under Cheibriados
  1050 | D:7      | Reached skill level 5 in Necromancy
  1225 | D:8      | Found an iron altar of Okawaru.
  1242 | D:8      | Noticed a steam dragon
  1247 | D:8      | Killed a steam dragon
  1248 | D:8      | Reached skill level 5 in Spellcasting
  1257 | D:8      | Killed by an exploding steam dragon zombie... ignited by
                  | their inner flame

Illustrated notes

Levels and vault maps discovered:
D:1:      elethiomel_arrival_infinity_welcomes_careful_drivers, layout_basic,
          serial_shops, nicolae_square_shop
D:2:      layout_loops_corners, serial_shops, nicolae_shop_dealshenge,
          basic_altar, nrook_campfire, minivault_19, uniq_natasha
D:3:      layout_basic
D:4:      layout_layer_cave, nicolae_hepliaklqana_hazy_memory,
          lemuel_temple_firewalk_b, uniq_crazy_yiuf_cottage, uniq_blork_the_orc,
          uniq_robin
D:5:      minmay_polygon_palace, layout_loops_ring, kennysheep_mini,
          mainiacjoe_overflow_alcove_3, minmay_liquid_box, hex_medium
D:6:      layout_loops_corners
D:7:      layout_cave_pods, serial_shops, nicolae_shop_advertising_works
          [nicolae_subvault_shop_adworks]
D:8:      layout_rooms, nicolae_overflow_hidden_temple,
          mainiacjoe_overflow_brackets, hellmonk_lair_entry_icy,
          uniq_prince_ribbit1
D:9:      layout_basic
Temple:   hellmonk_temple_forest_ring

Skill      XL: |  1  2  3  4  5  6  7  8 |
---------------+-------------------------+-----
Spellcasting   | 3 4 5 |  5.0
Earth Magic    | 5 6 7 |  7.1
Conjurations   | 1 3 |  3.0
Necromancy     | 4 7 |  7.0
Dodging        | |  2.4
Stealth        | |  1.4
Transmutations | |  1.4

Action                     |  1- 3 |  4- 6 |  7- 9 || total
---------------------------+-------+-------+-------++-------
  Melee: Hand axe          |       |     4 |       ||     4
  Throw: Dart              |       |     3 |       ||     3
   Cast: Sandblast         |    23 |    54 |    19 ||    96
         Passwall          |     1 |     1 |     4 ||     6
         Stone Arrow       |       |     5 |    22 ||    27
         Animate Dead      |       |       |     2 ||     2
    Use: Scroll            |       |       |     7 ||     7
         Potion            |       |       |     1 ||     1
 Armour: Robe              |     3 |       |       ||     3
         Leather armour    |       |    12 |     6 ||    18
  Dodge: Dodged            |     2 |    19 |     7 ||    28
